 Dungeon Crawl Stone Soup version 0.19-a0-958-gd69d43c (webtiles) character file.

18 Implojin the Ruffian (level 2, -6/29 HPs)
             Began as a Troll Fighter on July 11, 2016.
             Mangled by a scorpion (7 damage)
             ... on level 4 of the Dungeon.
             The game lasted 00:01:39 (302 turns).

Implojin the Ruffian (Troll Fighter)                 Turns: 302, Time: 00:01:40

Health: -6/29      AC:  5    Str: 23    XL:     2   Next: 51%
Magic:  1/1        EV:  8    Int:  4    God:
Gold:   36         SH:  8    Dex:  9    Spells: 0 memorised, 1 level left

rFire  . . .     SeeInvis .       - Unarmed
rCold  . . .     Gourm    +     a - +0 robe
rNeg   . . .     Faith    .     b - +0 shield
rPois  .         Spirit   .     (helmet restricted)
rElec  .         Dismiss  .     (no cloak)
rCorr  .         Reflect  .     (gloves unavailable)
SustAt .         Harm     .     (boots unavailable)
MR     .....                    (no amulet)
Stlth  +.........               (no ring)
                                (no ring)

@: lethally poisoned (-6 -> -12), not resistant to hostile enchantments, very
unstealthy
A: unfitting armour, claws 3, fast metabolism 3, gourmand, regeneration 2,
shaggy fur 1, tough skin 2
a: no special abilities


You were on level 4 of the Dungeon.
You were very full.

You visited 1 branch of the dungeon, and saw 4 of its levels.

You collected 36 gold pieces.

Inventory:

Hand Weapons
 i - a +0 morningstar
Armour
 a - a +0 robe (worn)
 b - a +0 shield (worn)
Scrolls
 e - a scroll of amnesia {unknown}
Potions
 c - a potion of might
 f - a potion of ambrosia {unknown}
 g - a potion of cancellation
 h - 2 potions of resistance {unknown}
Comestibles
 d - 2 bread rations


   Skills:
 - Level 2.4 Fighting
 - Level 2.4 Dodging
 - Level 2.4 Shields
 * Level 3.2 Unarmed Combat


You had one spell level left.
You didn't know any spells.

Dungeon Overview and Level Annotations

Branches:
Dungeon (4/15)
 Temple: D:4-7

Altars:


Innate Abilities, Weirdness & Mutations

You are too large for most types of armour.
You have claws for hands.
Your metabolism is lightning-fast.
You like to eat raw meat.
You heal very quickly.
You are covered in fur. (AC +1)
You have very tough skin. (AC +2)


Message History

A scorpion comes into view.
You barely miss the scorpion. The scorpion stings you.
You scratch the scorpion.
The scorpion is lightly wounded.
The scorpion stings you.
You claw the scorpion!
The scorpion is heavily wounded.
The scorpion stings you.
You are poisoned.
The scorpion poisons you!
You closely miss the scorpion.
The scorpion is heavily wounded.
You feel sick. You block the scorpion's attack.
You completely miss the scorpion.
The scorpion is heavily wounded.
You feel sick. You block the scorpion's attack.
You barely miss the scorpion.
The scorpion is heavily wounded.
You feel sick.
The scorpion stings you but does no damage.
You closely miss the scorpion.
The scorpion is heavily wounded.
You feel sick. The scorpion stings you.
You completely miss the scorpion.
The scorpion is heavily wounded.
The scorpion stings you.
* * * LOW HITPOINT WARNING * * *
You are more poisoned.
The scorpion poisons you!
You barely miss the scorpion.
The scorpion is heavily wounded.
You feel sick. You block the scorpion's attack.
Your shield prevents you from hitting the scorpion.
The scorpion is heavily wounded.
You feel sick. The scorpion stings you!
* * * LOW HITPOINT WARNING * * *
It was a potion of cancellation.
You feel magically purged.
* * * LOW HITPOINT WARNING * * *
You feel sick. The scorpion stings you!
You die...

######## #+#
##......##..##..
........@s......
................
#+###..######..
#..##..#
#<.....#
#......+
#..##### ####


You could see a scorpion.

Vanquished Creatures
  An ooze (D:2)
  A worm (D:2)
  A giant gecko (D:3)
  2 goblins (D:3)
  A hobgoblin (D:2)
  A bat (D:2)
  A giant newt (D:2)
  2 kobolds (D:3)
  A rat (D:1)
11 creatures vanquished.

Notes
Turn   | Place    | Note
-------+----------+-------------------------------------------
     0 | D:1      | Implojin the Troll Fighter began the quest for the Orb.
     0 | D:1      | Reached XP level 1. HP: 22/22 MP: 0/0
   166 | D:2      | Reached XP level 2. HP: 29/29 MP: 1/1
   234 | D:3      | Reached skill level 3 in Unarmed Combat
   289 | D:4      | Noticed a scorpion
   302 | D:4      | HP: 1/29 [poisoned by a scorpion]
   302 | D:4      | Mangled by a scorpion

Vault maps used:
D:1:      dpeg_arrival_windows_large_door
D:2:      first_bread
D:3:      uniq_jessica, uniq_sigmund
D:4:      uniq_blork_the_orc

Skill      XL: |  1  2 |
---------------+-------+-----
Unarmed Combat | 3 |  3.2
Fighting       | |  2.4
Dodging        | |  2.4
Shields        | |  2.4

Action                   || total
-------------------------++-------
Melee: Unarmed           ||    46
  Use: Potion            ||     1
  Eat: Chunk             ||     7
Armor: Robe              ||     6
Dodge: Dodged            ||     5
Block: Shield            ||    17

Table legend:
 A = Turns spent in this place as a percentage of turns spent in the entire game.
 B = Non-inter-level travel turns spent in this place as a percentage of non-inter-level travel turns spent in the entire game.
 C = Inter-level travel turns spent in this place as a percentage of turns spent in this place.
 D = Turns resting spent in this place as a percentage of non-inter-level travel turns spent in this place.
 E = Turns spent auto-exploring this place as a percentage of non-inter-level travel turns spent in this place.
 F = Non-inter-level travel turns spent in this place divided by the number of levels of this place that you've seen.
                   A       B       C       D       E      F
               +-------+-------+-------+-------+-------+----------------------
         Total | 100.0 | 100.0 |   0.0 |   0.0 |   0.0 |  71.5
       Dungeon | 100.0 | 100.0 |   0.0 |   0.0 |   0.0 |  71.5
               +-------+-------+-------+-------+-------+----------------------

Table legend:
 A = Kills in this place as a percentage of kills in entire the game.
 B = Kills by you in this place as a percentage of kills by you in the entire game.
 C = Kills by friends in this place as a percentage of kills by friends in the entire game.
 D = Other kills in this place as a percentage of other kills in the entire game.
 E = Experience gained in this place as a percentage of experience gained in the entire game.
 F = Experience gained in this place divided by the number of levels of this place that you have seen.
                   A       B       C       D       E      F
               +-------+-------+-------+-------+-------+----------------------
         Total | 100.0 | 100.0 |  -nan |  -nan | 100.0 |   6.8
       Dungeon | 100.0 | 100.0 |  -nan |  -nan | 100.0 |   6.8
               +-------+-------+-------+-------+-------+----------------------
